 Dungeon Sprint DCSS version 0.22-a0-367-gb72a975701 (webtiles) character file.

316086 KillingSpree the Naga Aeon (level 19, -9/186 HPs)
             Began as a Naga Monk on Apr 22, 2018.
             Was the Champion of Cheibriados.
             Killed from afar by an electric golem (24 damage)
             ... with a bolt of lightning
             ... in the Dungeon (Sprint IX: "|||||||||||||||||||||||||||||").
             The game lasted 00:14:55 (5503 turns).

KillingSpree the Naga Aeon (Naga Monk)              Turns: 5503, Time: 00:14:55

Health: -9/186     AC: 36    Str: 31    XL:     19   Next: 89%
Magic:  40/45      EV: 17    Int: 30    God:    Cheibriados [******]
Gold:   711        SH: 30    Dex: 33    Spells: 29/32 levels left

rFire    . . .     SeeInvis +     - Unarmed
rCold    . . .     Gourm    .   F - +0 large shield of the Gardener {+Blink} (curse)
rNeg     . . .     Faith    .   E - +6 plate armour of Boredom {MR+ Regen+ SInv}
rPois    +         Spirit   .   J - +0 hat of Freedom {Regen+}
rElec    .         Reflect  .   L - +0 cloak {+Inv}
rCorr    .         Harm     .   I - +0 pair of gloves {Dex+3}
MR       +++..     NoTele   +   (no barding)
Stlth    ..........             y - amulet of regeneration
HPRegen  1.61/turn              r - +5 ring of protection
MPRegen  0.29/turn              v - ring "Xanobom" {+Inv rPois MP+9}

@: very slow
A: large, see invisible, deformed body, poison resistance, slowness 2, slow
metabolism 1, spit poison 1, constrict 1, AC +6
}: 5/15 runes: decaying, serpentine, barnacled, silver, gossamer
a: Spit Poison, Bend Time, Temporal Distortion, Slouch, Step From Time, Renounce
Religion, Evoke Blink, Evoke Invisibility


You were in the Dungeon.
You worshipped Cheibriados.
Cheibriados was exalted by your worship.
You were hungry.

You visited 1 branch You collected 1913 gold pieces.
You spent 1202 gold pieces at shops.

Inventory:

Armour
 E - the +6 plate armour of Boredom (worn) {MR+ Regen+ SInv}
   (You found it in the Dungeon)

   It affects your resistance to hostile enchantments.
   It lets you see invisible.
   It increases your rate of regeneration.
 F - the cursed +0 large shield of the Gardener (worn) {+Blink}
   (You found it in the Dungeon)

   It lets you blink.
   It has a curse placed upon it.
 H - a +5 large shield
 I - a +0 pair of gloves of dexterity (worn)
 J - the +0 hat of Freedom (worn) {Regen+}
   (You found it in the Dungeon)

   It increases your rate of regeneration.
 L - a +0 cloak of invisibility (worn)
Jewellery
 n - the ring "Waasevia" {rF+ rC- MR+ Dex+4 Slay+3}
   (You found it in the Dungeon)

   [ring of slaying]

   It affects your dexterity (+4).
   It affects your accuracy and damage with ranged weapons and melee attacks
   (+3).
   It protects you from fire.
   It makes you vulnerable to cold.
   It affects your resistance to hostile enchantments.
 o - the ring of Ynluxink {-Tele rPois MP+9 Str+3 Dex+4}
   (You found it in the Dungeon)

   [ring of magical power]

   It affects your strength (+3).
   It affects your dexterity (+4).
   It protects you from poison.
   It affects your magic capacity (+9).
   It prevents most forms of teleportation.
 p - the amulet "Lujameir" {+Fly rPois rC+ Regen+ Stlth+}
   (You found it in the Dungeon)

   [amulet of regeneration]

   It protects you from cold.
   It protects you from poison.
   It lets you fly.
   It increases your rate of regeneration.
   It makes you more stealthy.
 q - an uncursed ring of protection from fire
 r - a +5 ring of protection (left hand)
 v - the ring "Xanobom" (right hand) {+Inv rPois MP+9}
   (You bought it in a shop in the Dungeon)

   [ring of poison resistance]

   It protects you from poison.
   It affects your magic capacity (+9).
   It lets you turn invisible.
 x - the amulet of Fumnok {Faith -Tele rF+ Str+4 Dex+3}
   (You found it in the Dungeon)

   [amulet of faith]

   It allows you to gain divine favour quickly.
   It affects your strength (+4).
   It affects your dexterity (+3).
   It protects you from fire.
   It prevents most forms of teleportation.
 y - an amulet of regeneration (around neck)
 B - a +3 ring of slaying
 C - an uncursed ring of protection from cold
 D - an uncursed ring of protection from cold
Wands
 k - a wand of acid (4)
Scrolls
 h - 4 scrolls of blinking
 i - 7 scrolls of remove curse
 j - 2 scrolls of amnesia
 l - 4 scrolls of fog
 s - 8 scrolls of identify
 t - 2 scrolls of enchant armour
 u - 6 scrolls of enchant weapon
 w - 3 scrolls of fear
Potions
 a - 2 potions of brilliance
 c - 10 potions of curing
 d - 18 potions of heal wounds
 e - a potion of resistance
 f - 5 potions of magic
 g - a potion of invisibility
 m - a potion of lignification {unknown}
 z - 3 potions of agility
 A - a potion of degeneration {unknown}
 G - a potion of might
 K - a potion of ambrosia {unknown}
Comestibles
 b - 12 rations


   Skills:
 + Level 15.1 Fighting
 + Level 22.2 Armour
 + Level 11.3 Dodging
 - Level 3.0 Stealth
 O Level 27 Shields
 O Level 27 Unarmed Combat
 - Level 7.0 Spellcasting
 * Level 18.1 Charms
 * Level 18.1 Ice Magic
 O Level 27 Invocations
 - Level 2.7 Evocations


You had 29 spell levels left.
You knew the following spells:

 Your Spells              Type           Power        Failure   Level  Hunger
a - Ozocubu's Armour      Chrm/Ice       #######.     1%          3    None


Dungeon Overview and Level Annotations

Branches:
Dungeon (1/1)

Altars:
Cheibriados
Dithmenos
Elyvilon
Fedhas
Gozag
Hepliaklqana
Kikubaaqudgha
Makhleb
Nemelex Xobeh
Okawaru
Qazlal
Ru
Sif Muna
Trog
Uskayaw
Vehumet
Wu Jian
Xom
Yredelemnul
Zin
The Shining One
Beogh
Jiyva
Lugonu

Shops:
D *?*=


Innate Abilities, Weirdness & Mutations

You cannot wear boots.
Your serpentine skin is tough. (AC +6)
You have supernaturally acute eyesight. (SInv)
Armour fits poorly on your strangely shaped body.
Your system is resistant to poisons. (rPois)
You cover ground very slowly.
You have a slow metabolism.
You can spit poison.
You can use your snake-like lower body to constrict enemies.


Message History

The electric golem hits you but does no damage.
The electric golem closely misses you.
You barely miss the electric golem.
The electric golem is severely damaged.
The electric golem blinks!
The electric golem hurls lightning at you.
The bolt of lightning hits you! x2
The electric golem hurls lightning at you.
The bolt of lightning hits you! x2
* * * LOW HITPOINT WARNING * * *
The electric golem hurls lightning at you.
The bolt of lightning hits you!
* * * LOW HITPOINT WARNING * * *
The bolt of lightning misses you.
There is an open door here.
You can feel time thicken for a moment.
You are feeling hungry.
The electric golem hurls lightning at you.
The bolt of lightning misses you. The bolt of lightning hits you!
You die...

.............[[..[[[...)))))))...
▓▓▓▓▓▓▓▓▓▓▓▓▓▓▓▓▓▓▓▓▓▓▓▓▓▓▓▓▓▓▓▓▓
.................................
▓▓▓▓▓▓▓▓▓▓▓▓▓▓▓▓▓▓▓▓▓▓▓▓▓▓▓▓▓▓▓▓▓
†.[.††[.).))[.)'....)))†..†...).)
▓▓▓▓▓▓▓▓▓▓▓▓▓▓▓▓▓▓▓▓▓▓▓▓▓▓▓▓▓▓▓▓▓
.................................
▓▓▓▓▓▓▓▓▓▓▓▓▓▓▓▓▓▓▓▓▓▓▓▓▓▓▓▓▓▓▓▓▓
+.@.8.'.......)'...
▓▓▓▓▓▓▓▓▓▓▓▓▓▓▓▓▓▓▓


You could see an electric golem.

Vanquished Creatures
  An orb of fire (D)
  An ancient lich (D)
  Mennas (D)
  Boris (D)
  Margery (D)
  Saint Roka (D)
  A golden dragon (D)
  Jory (D)
  Nikola (D)
  Rupert (D)
  6 tentacled monstrosities (D)
  A lich (D)
  14 Orb Guardians (D)
  3 death cobs (D)
  4 quicksilver dragons (D)
  Agnes (D)
  A sphinx (D)
  3 storm dragons (D)
  3 draconian monks (D)
  9 shadow dragons (D)
  Ilsuiw (D)
  5 nagarajas (D)
  6 emperor scorpions (D)
  2 draconian scorchers (D)
  A draconian knight (D)
  3 frost giants (D)
  6 ghost moths (D)
  3 vault wardens (D)
  2 draconian stormcallers (D)
  3 ironheart preservers (D)
  3 very ugly things (D)
  2 entropy weavers (D)
  9 stone giants (D)
  5 purple draconians (D)
  Azrael (D)
  A green draconian (D)
  A red draconian (D)
  2 black draconians (D)
  2 white draconians (D)
  2 yellow draconians (D)
  A merfolk javelineer (D)
  A mummy priest (D)
  2 ettins (D)
  8 merfolk impalers (D)
  2 yaktaur captains (D)
  4 fire dragons (D)
  A great orb of eyes (D)
  8 hydras (D)
  A naga warrior (D)
  Harold (D)
  3 rakshasas (D)
  3 ice dragons (D)
  25 vault guards (D)
  A catoblepas (D)
  2 merfolk aquamancers (D)
  2 anacondas (D)
  An alligator (D)
  2 two-headed ogres (D)
  A deep troll earth mage (D)
  A tengu warrior (D)
  2 vampire magi (D)
  2 deep troll shamans (D)
  Urug (D)
  3 hell knights (D)
  A spriggan druid (D)
  2 sea snakes (D)
  4 swamp dragons (D)
  A shambling mangrove (D)
  A deep elf archer (D)
  2 ironbrand convokers (D)
  A lindwurm (shapeshifter) (D)
  3 necromancers (D)
  A mana viper (D)
  6 orc knights (D)
  3 ugly things (D)
  An orb spider (D)
  2 wolf spiders (D)
  A harpy (D)
  7 orc sorcerers (D)
  3 cyclopes (D)
  A manticore (D)
  A wolf spider (shapeshifter) (D)
  5 moths of wrath (D)
  A slime creature (D)
  A salamander (shapeshifter) (D)
  3 guardian serpents (D)
  5 black mambas (D)
  4 vault sentinels (D)
  5 naga magi (D)
  4 spiny frogs (D)
  2 tengu conjurers (D)
  A freezing wraith (D)
  4 yaktaurs (D)
  2 demonic crawlers (D)
  3 komodo dragons (D)
  A guardian mummy (D)
  2 jumping spiders (D)
  A polar bear (D)
  2 merfolk (D)
  A troll (D)
  A wind drake (D)
  3 hornets (D)
  A snapping turtle (D)
  3 tyrant leeches (D)
  A blink frog (D)
  A hippogriff (D)
  5 redbacks (D)
  A wyvern (D)
  2 yaks (D)
  A shadow (D)
  2 water elementals (D)
  A spriggan (D)
  3 fire elementals (D)
  A naga (D)
  2 insubstantial wisps (D)
  2 acid dragons (D)
  A floating eye (D)
  A hell hound (D)
  5 water moccasins (D)
  A porcupine (D)
  2 swamp drakes (D)
  9 orc warriors (D)
  2 ogres (D)
  A centaur (D)
  8 bullfrogs (D)
  2 wights (D)
  5 orc priests (D)
  A jelly (D)
  11 orc wizards (D)
  2 adder zombies (D)
  An adder skeleton (D)
  10 orcs (D)
  A bat skeleton (D)
  A hobgoblin (D)
  A bat simulacrum (D)
  A giant cockroach zombie (D)
  A kobold (D)
  A quokka zombie (D)
  3 rats (D)
382 creatures vanquished.

Vanquished Creatures (others)
  An ice dragon (D)
  A sky beast (D)
2 creatures vanquished.

Grand Total: 384 creatures vanquished

Notes
Turn   | Place    | Note
-------+----------+-------------------------------------------
     0 | D        | KillingSpree the Naga Monk began the quest for the Orb.
     0 | D        | Reached XP level 1. HP: 21/21 MP: 1/1
    15 | D        | Reached skill level 1 in Spellcasting
   219 | D        | Noticed a jelly
   225 | D        | Reached XP level 2. HP: 21/28 MP: 3/3
   235 | D        | Reached XP level 3. HP: 20/36 MP: 3/6
   250 | D        | Found a roughly hewn altar of Beogh.
   250 | D        | Found a snail-covered altar of Cheibriados.
   250 | D        | Found a shadowy altar of Dithmenos.
   250 | D        | Found a white marble altar of Elyvilon.
   250 | D        | Found a blossoming altar of Fedhas.
   250 | D        | Found an opulent altar of Gozag.
   251 | D        | Found a hazy altar of Hepliaklqana.
   252 | D        | Found a viscous altar of Jiyva.
   253 | D        | Found an ancient bone altar of Kikubaaqudgha.
   254 | D        | Found a corrupted altar of Lugonu.
   256 | D        | Became a worshipper of Cheibriados the Contemplative
   256 | D        | Reached * piety under Cheibriados
   256 | D        | Reached ** piety under Cheibriados
   258 | D        | Found a burning altar of Makhleb.
   259 | D        | Found a sparkling altar of Nemelex Xobeh.
   260 | D        | Found an iron altar of Okawaru.
   261 | D        | Found a stormy altar of Qazlal.
   262 | D        | Found a sacrificial altar of Ru.
   263 | D        | Found a deep blue altar of Sif Muna.
   264 | D        | Found a bloodstained altar of Trog.
   265 | D        | Found a hide-covered altar of Uskayaw.
   266 | D        | Found a radiant altar of Vehumet.
   267 | D        | Found an ornate altar of the Wu Jian Council.
   268 | D        | Found a shimmering altar of Xom.
   269 | D        | Found a basalt altar of Yredelemnul.
   270 | D        | Found a glowing silver altar of Zin.
   271 | D        | Found a glowing golden altar of the Shining One.
   425 | D        | Noticed a two-headed ogre
   425 | D        | Noticed a bullfrog
   425 | D        | Noticed an ogre
   425 | D        | Noticed an ogre
   425 | D        | Noticed a yak
   427 | D        | Reached skill level 5 in Unarmed Combat
   427 | D        | Reached XP level 4. HP: 45/45 MP: 7/7
   428 | D        | Killed a yak
   428 | D        | Reached *** piety under Cheibriados
   428 | D        | Reached skill level 5 in Dodging
   428 | D        | Reached XP level 5. HP: 56/56 MP: 8/8
   428 | D        | Reached XP level 6. HP: 63/63 MP: 9/9
   429 | D        | Reached skill level 5 in Invocations
   430 | D        | Reached **** piety under Cheibriados
   430 | D        | Reached skill level 1 in Evocations
   432 | D        | Reached XP level 7. HP: 72/72 MP: 9/11
   433 | D        | Killed a two-headed ogre
   433 | D        | Reached XP level 8. HP: 84/84 MP: 4/14
   506 | D        | Noticed a cyclops
   506 | D        | Noticed a two-headed ogre
   508 | D        | Reached ***** piety under Cheibriados
   511 | D        | Killed a two-headed ogre
   511 | D        | Reached XP level 9. HP: 93/93 MP: 9/16
   522 | D        | Killed a cyclops
   522 | D        | Reached skill level 10 in Fighting
   522 | D        | Reached skill level 1 in Armour
   522 | D        | Reached skill level 10 in Invocations
   911 | D        | Noticed a black mamba
   911 | D        | Noticed a spiny frog
   913 | D        | Killed a black mamba
   915 | D        | Noticed a spiny frog
   916 | D        | Killed a spiny frog
   916 | D        | Reached ****** piety under Cheibriados
   916 | D        | Reached XP level 10. HP: 97/103 MP: 11/18
   918 | D        | Killed a spiny frog
  1019 | D        | Noticed a spiny frog
  1031 | D        | Killed a spiny frog
  1298 | D        | Reached XP level 11. HP: 111/111 MP: 21/21
  1345 | D        | Noticed an orc knight
  1347 | D        | Reached skill level 15 in Unarmed Combat
  1347 | D        | Reached skill level 15 in Invocations
  1349 | D        | Killed an orc knight
  1349 | D        | Reached skill level 5 in Armour
  1352 | D        | Noticed an orc knight
  1359 | D        | Killed an orc knight
  1426 | D        | Found Ocivet's Jewellery Boutique.
  1426 | D        | Noticed an orc sorcerer
  1426 | D        | Noticed an orc sorcerer
  1426 | D        | Noticed an orc sorcerer
  1426 | D        | Noticed an orc sorcerer
  1426 | D        | Noticed an orc sorcerer
  1428 | D        | Killed an orc sorcerer
  1429 | D        | Killed an orc sorcerer
  1429 | D        | Killed an orc sorcerer
  1429 | D        | Killed an orc sorcerer
  1429 | D        | Killed an orc sorcerer
  1430 | D        | Noticed an orc sorcerer
  1431 | D        | Noticed a sun demon
  1431 | D        | Found Coeweant's Assorted Antiques.
  1432 | D        | Noticed an orc sorcerer
  1432 | D        | Killed an orc sorcerer
  1434 | D        | Killed an orc sorcerer
  1437 | D        | Found Dotzarphe's Magic Scroll Boutique.
  1440 | D        | Found Uduqup's General Store.
  1503 | D        | Bought the ring "Xanobom" {+Inv rPois MP+9} for 634 gold pieces
  1503 | D        | Bought an uncursed amulet of regeneration for 360 gold pieces
  1505 | D        | Bought a pink potion for 22 gold pieces
  1505 | D        | Bought an emerald potion for 22 gold pieces
  1505 | D        | Bought a lumpy lapis lazuli amulet for 125 gold pieces
  1509 | D        | Bought a potion of curing for 39 gold pieces
  1608 | D        | Found the +9 sword of Zonguldrok {reap}
  1637 | D        | Got the +6 plate armour of Boredom {MR+ Regen+ SInv}
  1639 | D        | Got the cursed +0 large shield of the Gardener {+Blink}
  1707 | D        | Noticed a catoblepas
  1707 | D        | Noticed a white ugly thing
  1718 | D        | Noticed a cyclops
  1720 | D        | Killed a catoblepas
  1720 | D        | Reached skill level 1 in Shields
  1724 | D        | Killed a white ugly thing
  1727 | D        | Noticed a stone giant
  1728 | D        | Noticed a rakshasa
  1730 | D        | Killed a cyclops
  1730 | D        | Reached XP level 12. HP: 120/120 MP: 17/25
  1736 | D        | Killed a stone giant
  1737 | D        | Noticed a vampire mage
  1738 | D        | Killed a rakshasa
  1741 | D        | Noticed a stone giant
  1743 | D        | Noticed a jiangshi
  1754 | D        | Killed a vampire mage
  1755 | D        | Killed a stone giant
  1908 | D        | Noticed Rupert
  1939 | D        | Killed Rupert
  1987 | D        | Noticed Harold
  1988 | D        | Noticed Urug
  1995 | D        | Killed Urug
  1995 | D        | Killed Harold
  1995 | D        | Reached skill level 5 in Shields
  2030 | D        | Noticed Saint Roka
  2058 | D        | Killed Saint Roka
  2058 | D        | Gained mutation: You can use your snake-like lower body to constrict enemies. [Naga growth]
  2058 | D        | Reached XP level 13. HP: 71/127 MP: 27/27
  2313 | D        | Noticed an entropy weaver
  2320 | D        | Killed an entropy weaver
  2448 | D        | Noticed Agnes
  2454 | D        | Killed Agnes
  2454 | D        | Reached XP level 14. HP: 76/135 MP: 29/29
  2536 | D        | Noticed a cyan very ugly thing
  2536 | D        | Noticed a stone giant
  2542 | D        | Reached skill level 10 in Shields
  2544 | D        | Killed a stone giant
  2544 | D        | Killed a cyan very ugly thing
  2549 | D        | Noticed a lich
  2552 | D        | Noticed a lich
  2553 | D        | Noticed a reaper
  2558 | D        | Killed a lich
  2559 | D        | Noticed a stone giant
  2560 | D        | Noticed a stone giant
  2567 | D        | Killed a stone giant
  2569 | D        | Killed a stone giant
  2739 | D        | Noticed an ironheart preserver
  2740 | D        | Killed an ironheart preserver
  2745 | D        | Noticed an ironheart preserver
  2747 | D        | Noticed an entropy weaver
  2755 | D        | Killed an ironheart preserver
  2760 | D        | Killed an entropy weaver
  2760 | D        | Reached XP level 15. HP: 139/142 MP: 2/32
  2788 | D        | Noticed a white draconian knight
  2796 | D        | Reached skill level 27 in Invocations
  2798 | D        | Killed a white draconian knight
  3068 | D        | Noticed Boris
  3081 | D        | Killed Boris
  3081 | D        | Reached skill level 10 in Armour
  3093 | D        | Noticed Nikola
  3104 | D        | Killed Nikola
  3114 | D        | Noticed Margery
  3125 | D        | Killed Margery
  3426 | D        | Got the +0 hat of Freedom {Regen+}
  3513 | D        | Noticed Jory
  3514 | D        | Noticed Mennas
  3518 | D        | Killed Mennas
  3518 | D        | Reached skill level 15 in Shields
  3522 | D        | Killed Jory
  3544 | D        | Noticed Azrael
  3551 | D        | Killed Azrael
  3592 | D        | Noticed an emperor scorpion
  3592 | D        | Noticed a ghost moth
  3592 | D        | Noticed an emperor scorpion
  3592 | D        | Noticed a ghost moth
  3595 | D        | Killed a ghost moth
  3595 | D        | Reached XP level 16. HP: 152/152 MP: 7/33
  3687 | D        | Got a gossamer rune of Zot
  3739 | D        | Got a decaying rune of Zot
  3750 | D        | Noticed Ilsuiw
  3764 | D        | Killed Ilsuiw
  3795 | D        | Got a barnacled rune of Zot
  3919 | D        | Noticed a nagaraja
  3919 | D        | Noticed a nagaraja
  3919 | D        | Noticed a nagaraja
  3923 | D        | Killed a nagaraja
  3924 | D        | Noticed a nagaraja
  3925 | D        | Noticed a nagaraja
  3932 | D        | Killed a nagaraja
  3935 | D        | Killed a nagaraja
  3937 | D        | Killed a nagaraja
  3939 | D        | Killed a nagaraja
  3957 | D        | Reached XP level 17. HP: 154/162 MP: 29/34
  3960 | D        | Got a serpentine rune of Zot
  4286 | D        | Reached skill level 27 in Unarmed Combat
  4466 | D        | Noticed a tentacled monstrosity
  4466 | D        | Noticed a quicksilver dragon
  4467 | D        | Noticed a tentacled monstrosity
  4470 | D        | Killed a quicksilver dragon
  4470 | D        | Reached skill level 10 in Dodging
  4475 | D        | Killed a tentacled monstrosity
  4476 | D        | Killed a tentacled monstrosity
  4484 | D        | Noticed a sphinx
  4493 | D        | Killed a sphinx
  4493 | D        | Reached XP level 18. HP: 90/171 MP: 33/35
  4500 | D        | Got a silver rune of Zot
  4507 | D        | Learned a level 3 spell: Ozocubu's Armour
  4673 | D        | Got the ring "Waasevia" {rF+ rC- MR+ Dex+4 Slay+3}
  4675 | D        | Got the ring of Ynluxink {-Tele rPois MP+9 Str+3 Dex+4}
  4677 | D        | Got the amulet "Lujameir" {+Fly rPois rC+ Regen+ Stlth+}
  4679 | D        | Got the amulet of Fumnok {Faith -Tele rF+ Str+4 Dex+3}
  4830 | D        | Reached skill level 1 in Charms
  4830 | D        | Reached skill level 1 in Ice Magic
  4833 | D        | Reached skill level 15 in Armour
  4904 | D        | Reached skill level 5 in Spellcasting
  4908 | D        | Reached skill level 5 in Charms
  4908 | D        | Reached skill level 5 in Ice Magic
  4917 | D        | HP: 8/171 [acid (10)]
  5034 | D        | Noticed a tentacled monstrosity
  5040 | D        | Killed a tentacled monstrosity
  5052 | D        | Reached skill level 27 in Shields
  5100 | D        | Noticed a quicksilver dragon
  5104 | D        | Noticed a quicksilver dragon
  5105 | D        | Killed a quicksilver dragon
  5105 | D        | Reached skill level 10 in Ice Magic
  5106 | D        | Reached skill level 10 in Charms
  5109 | D        | Killed a quicksilver dragon
  5145 | D        | Noticed a tentacled monstrosity
  5145 | D        | Noticed a tentacled monstrosity
  5146 | D        | Noticed a tentacled monstrosity
  5152 | D        | Killed a tentacled monstrosity
  5153 | D        | Noticed a quicksilver dragon
  5155 | D        | Killed a tentacled monstrosity
  5162 | D        | Killed a tentacled monstrosity
  5165 | D        | Reached XP level 19. HP: 71/181 MP: 15/36
  5307 | D        | Reached skill level 15 in Charms
  5312 | D        | Reached skill level 15 in Ice Magic
  5330 | D        | Noticed a golden dragon
  5369 | D        | Killed a golden dragon
  5382 | D        | Noticed an ancient lich
  5390 | D        | Killed an ancient lich
  5393 | D        | Noticed an orb of fire
  5399 | D        | Killed an orb of fire
  5399 | D        | Reached skill level 15 in Fighting
  5492 | D        | Noticed an electric golem
  5503 | D        | Killed from afar by an electric golem

Vault maps used:
D:        linesprint

Skill      XL: |  1  2  3  4  5  6  7  8  9 10 11 12 13 14 15 16 17 18 19 |
---------------+----------------------------------------------------------+-----
Spellcasting   | 1 2 7 |  7.0
Fighting       | 4 6 7 8 9 10 11 12 13 15 | 15.1
Dodging        | 3 4 5 6 7 8 9 10 11 | 11.3
Unarmed Combat | 4 5 7 9 11 12 13 14 16 17 18 20 23 25 27 | 27.0
Invocations    | 2 4 6 8 9 11 14 18 21 23 26 27 | 27.0
Evocations     | 1 2 |  2.7
Armour         | 2 4 5 7 8 9 11 13 14 18 22 | 22.2
Shields        | 2 5 9 12 16 20 25 27 | 27.0
Charms         | 12 18 | 18.1
Ice Magic      | 12 18 | 18.1
Stealth        | |  3.0

Action                   |  1- 3 |  4- 6 |  7- 9 | 10-12 | 13-15 | 16-18 | 19-21 || total
-------------------------+-------+-------+-------+-------+-------+-------+-------++-------
Melee: Unarmed           |    32 |       |     9 |   134 |   176 |   375 |   124 ||   850
       Punch             |       |       |     1 |     5 |       |       |       ||     6
       Constrict         |       |       |       |       |    30 |    57 |     3 ||    90
Invok: Slouch            |       |       |     5 |    29 |    40 |    51 |     2 ||   127
 Abil: Spit Poison       |     3 |       |     2 |       |       |       |       ||     5
Evoke: Wand              |     1 |     5 |       |       |       |       |       ||     6
  Use: Potion            |     1 |       |     1 |       |       |     1 |       ||     3
 Stab: Sleeping          |       |       |     1 |       |       |       |       ||     1
       Petrified         |       |       |       |     5 |       |       |       ||     5
       Petrifying        |       |       |       |     1 |       |       |       ||     1
  Eat: Chunk             |       |       |       |     5 |     9 |    12 |     1 ||    27
Armor: Ring mail         |       |       |     2 |     9 |       |       |       ||    11
       Plate armour      |       |       |       |    17 |    73 |   149 |    19 ||   258
Dodge: Dodged            |    13 |       |     8 |    58 |    49 |   121 |    15 ||   264
Block: Large shield      |       |       |       |    36 |   142 |   384 |    81 ||   643

Table legend:
 A = Spawn XP
 B = Non-spawn XP
 C = Spawn XP percentage of total XP
 D = Spawn monster count
 E = Non-spawn monster count
 F = Spawn count percentage of total count
 G = Total turns spent on level
                    A         B        C        D         E        F      G
               +---------+---------+-------+---------+---------+-------+---------
         Total |       0 |  390217 |   0.0 |       0 |     384 |   0.0 |  5503
               +---------+---------+-------+---------+---------+-------+---------
             D |       0 |  390217 |   0.0 |       0 |     384 |   0.0 |  5503
               +---------+---------+-------+---------+---------+-------+---------
